 Dungeon Crawl Stone Soup version 0.21.0-3-g78d12a8 (webtiles) character file.

182 Monsterracer the Chopper (level 5, -8/47 HPs)
             Began as a Hill Orc Abyssal Knight on Jan 8, 2018.
             Was a Believer of Lugonu.
             Mangled by an ogre
             ... wielding a +0 giant club
              (30 damage)
             ... on level 4 of the Dungeon on Jan 9, 2018.
             The game lasted 00:06:54 (3612 turns).

Monsterracer the Chopper (Hill Orc Abyssal Knight)  Turns: 3612, Time: 00:06:56

Health: -8/47      AC:  5    Str: 16    XL:     5   Next: 62%
Magic:  7/7        EV: 10    Int: 12    God:    Lugonu [**....]
Gold:   173        SH:  0    Dex: 10    Spells: 4/4 levels left

rFire    + . .     SeeInvis .   a - +1 hand axe
rCold    . . .     Gourm    .   (no shield)
rNeg     + . .     Faith    .   d - +0 ring mail
rPois    .         Spirit   .   (no helmet)
rElec    .         Reflect  .   (no cloak)
rCorr    .         Harm     .   (no gloves)
MR       .....                  (no boots)
Stlth    ..........             (no amulet)
HPRegen  0.15/turn              j - ring of positive energy {!d}
MPRegen  0.10/turn              b - ring of protection from fire {!d}

@: drained
A: no striking features
a: Depart the Abyss, Bend Space, Renounce Religion


You were on level 4 of the Dungeon.
You worshipped Lugonu.
Lugonu was pleased with you.
You were not hungry.

You visited 1 branch of the dungeon, and saw 4 of its levels.
You visited the Abyss 1 time.

You collected 173 gold pieces.

Inventory:

Hand Weapons
 a - a +1 hand axe (weapon)
Armour
 d - a +0 ring mail (worn)
 r - a +0 leather armour of magic resistance
Jewellery
 b - a ring of protection from fire (right hand) {!d}
 j - a ring of positive energy (left hand) {!d}
Scrolls
 e - 2 scrolls of teleportation
 m - a scroll of fog
 n - 2 scrolls of remove curse
Potions
 f - a potion of curing {unknown}
 g - 4 potions of heal wounds
 k - a potion of invisibility
 o - a potion of cancellation
 p - a potion of magic
 q - 2 potions of lignification
 v - a potion of brilliance
Comestibles
 c - 7 rations


   Skills:
 + Level 4.5(3.5) Fighting
 * Level 5.0(3.9) Axes
 + Level 3.3(2.3) Armour
 - Level 1.1(0.2) Dodging
 + Level 3.9(2.9) Invocations


You had 4 spell levels left.
You didn't know any spells.

Dungeon Overview and Level Annotations

Branches:
Dungeon (4/15)
 Temple: D:4-7

Altars:
Ashenzari
Fedhas
Ru


Message History

v - an amethyst potion
As you read the scroll labeled USIELU JAKHLU, it crumbles to dust.
You feel strangely unstable.
It was a scroll of teleportation.
As you read the scroll of identify, it crumbles to dust.
v - a potion of brilliance Your surroundings suddenly seem different.
There is a sacrificial altar of Ru here.
You see here a ring mail.
You are feeling very hungry.
Wield which item (- for none, * to show all)? (? for menu, Esc to quit)
It sticks to your hand!
h - a cursed -3 whip (weapon)
As you read the scroll labeled COPYMN FIER, it crumbles to dust.
You assume a fearsome visage.
Nothing appears to happen.
It was a scroll of fear.
As you read the scroll labeled PALURAHINT, it crumbles to dust.
You hear the tinkle of a tiny bell.
It was a scroll of random uselessness.
As you read the scroll labeled XUOGRU OBIF, it crumbles to dust.
You feel as if something is helping you.
It was a scroll of remove curse.
Drop what? 19/52 slots (_ for help) (? for menu, Esc to quit)
You are now empty-handed.
You drop a -3 whip.
a - a +1 hand axe (weapon)
As you read the scroll labeled RASO EHIGRUO, it crumbles to dust.
You feel aware of your surroundings.
You sensed 1 altar.
It was a scroll of magic mapping.
As you read the scroll labeled BOHAOCI SYIZA, it crumbles to dust.
The scroll dissolves into smoke.
It was a scroll of fog.
As you read the scroll labeled WYNEJ CAVOIBBU, it crumbles to dust.
It is a scroll of amnesia.
You feel forgetful for a moment. As you open the door, it creaks loudly!
There is an open door here.
An iguana comes into view.
The iguana hisses angrily.
An iguana is nearby!
An iguana is nearby!
The iguana bites you!
You take 10 damage, and have 37/47 hp.
MASSIVE DAMAGE!!
You hit the iguana but do no damage.
The iguana bites you but does no damage.
You hit the iguana.
The iguana is lightly wounded.
The iguana closely misses you.
You slash the iguana!
The iguana is heavily wounded.
The iguana bites you.
You take 2 damage, and have 35/47 hp.
You closely miss the iguana.
The iguana is heavily wounded.
The iguana barely misses you.
You hit the iguana.
The iguana is severely wounded.
The iguana barely misses you.
You hit the iguana.
The iguana is almost dead.
The iguana closely misses you.
You barely miss the iguana.
The iguana is almost dead.
The iguana bites you.
You take 6 damage, and have 30/47 hp.
You hit the iguana.
You kill the iguana!
Lugonu accepts your kill.
Your base Axes skill increases to level 5!
HP restored.
You butcher the iguana corpse.
h - 2 chunks of flesh Eating one of 2 chunks of flesh.
You eat one of the 2 chunks of flesh.
This raw flesh tastes terrible.
Eating a chunk of flesh.
You eat the chunk of flesh.
This raw flesh tastes terrible.
An ogre comes into view. It is wielding a giant club.
Health restored: 47 An ogre is nearby!
An ogre is nearby!
Okay, then.
You hit the ogre.
The ogre is lightly wounded.
The ogre hits you with a giant club!
You take 8 damage, and have 39/47 hp.
You hit the ogre.
The ogre is moderately wounded.
The ogre barely misses you.
You hit the ogre.
The ogre is heavily wounded.
The ogre closely misses you.
You closely miss the ogre.
The ogre is heavily wounded.
The ogre hits you with a giant club!!
* * * LOW HITPOINT WARNING * * *
You take 18 damage, and have 21/47 hp.
MASSIVE DAMAGE!!
You barely miss the ogre.
The ogre is heavily wounded.
You hit the ogre.
The ogre is heavily wounded.
The ogre hits you with a giant club!!
Ouch! That really hurt!
You die...

*** **********,* *,,,,,,,,*,*
*,****,,,,,* **************## *,*
*,*,*,* *,,,,,,,,,,,,,.# *,*
*,*,*,* *,*,,****#####.####.#
*,*,*,* *,*,,* #...@O.....#
*,*,*,* *,*..#####.###.######
*,*,*,*
*,*..........#...*******,*,*,*
*,*#.#####.#.#.#.#,,,,,,,*,*,*
*,,,,#.......#.#.#,*******,*,*
#########...#...#.#,.,,,,,,,,,*,*
...#..........#.#.#**.*,*******,*
##.#.#..........#.#**.#,,,,,,,*,*
*.#.#.#########..,**,*,*****,*,*


You could see an ogre.

Vanquished Creatures
  A hound (D:4)
  A bullfrog skeleton (D:4)
  An iguana (D:4)
  4 adders
  An adder skeleton (D:4)
  A leopard gecko (D:3)
  7 orcs
  A ball python (D:3)
  10 bats
  4 giant cockroaches
  3 goblins (D:3)
  8 hobgoblins
  3 kobolds
  5 frilled lizards
  6 rats
56 creatures vanquished.

Notes
Turn   | Place    | Note
-------+----------+-------------------------------------------
     0 | Abyss:1  | Monsterracer the Hill Orc Abyssal Knight began the quest for the Orb.
     0 | Abyss:1  | Reached XP level 1. HP: 19/19 MP: 2/2
    26 | D:1      | Escaped the Abyss
   385 | D:1      | Reached skill level 3 in Axes
   514 | D:1      | Found a shattered altar of Ashenzari.
   520 | D:1      | Reached XP level 2. HP: 21/27 MP: 4/4
   870 | D:2      | Reached skill level 1 in Dodging
   980 | D:2      | Reached XP level 3. HP: 28/33 MP: 5/5
  1354 | D:2      | Found a blossoming altar of Fedhas.
  1518 | D:3      | Reached ** piety under Lugonu
  1650 | D:3      | Reached XP level 4. HP: 23/40 MP: 6/6
  1655 | D:3      | HP: 20/40 [poisoned by an adder]
  1660 | D:3      | HP: 19/40 [poisoned by an adder]
  1667 | D:3      | HP: 17/40 [poisoned by an adder]
  1675 | D:3      | HP: 17/40 [poisoned by an adder]
  1945 | D:3      | Reached skill level 4 in Axes
  2713 | D:4      | Reached XP level 5. HP: 34/47 MP: 7/7
  2870 | D:4      | Found a sacrificial altar of Ru.
  2990 | D:4      | HP: 22/47 [bullfrog skeleton (4)]
  2995 | D:4      | HP: 17/47 [bullfrog skeleton (2)]
  3004 | D:4      | HP: 14/47 [bullfrog skeleton (4)]
  3018 | D:4      | HP: 14/47 [bullfrog skeleton (2)]
  3044 | D:4      | HP: 13/47 [bullfrog skeleton (3)]
  3054 | D:4      | HP: 10/47 [bullfrog skeleton (5)]
  3476 | D:4      | Reached skill level 5 in Axes
  3602 | D:4      | Noticed an ogre
  3610 | D:4      | HP: 21/47 [ogre/giant club (18)]
  3612 | D:4      | Mangled by an ogre

Skill      XL: |  1  2  3  4  5 |
---------------+----------------+-----
Axes           | 3 4 5 |  5.0
Dodging        | 1 |  1.1
Invocations    | 3 |  3.9
Fighting       | 4 |  4.5
Armour         | 3 |  3.3

Action                   |  1- 3 |  4- 6 || total
-------------------------+-------+-------++-------
Melee: Hand axe          |    90 |    98 ||   188
  Use: Scroll            |     4 |     9 ||    13
  Eat: Chunk             |     2 |     7 ||     9
Armor: Ring mail         |    45 |    45 ||    90
Dodge: Dodged            |    67 |    59 ||   126

Vault maps used:
D:1:      dpeg_arrival_signposts, evilmike_ruin_ashenzari
D:2:      fedhas_altar_2
D:3:      first_ration, st_stairs_4
D:4:      tgw_xom, nicolae_ru_sacrificial_ziggurat
